 Dungeon Crawl Stone Soup version 0.21-a0-279-g6037ffb (webtiles) character file.

4137 nikopol the Thaumaturge (level 10, -3/52 HPs)
             Began as a Deep Elf Fire Elementalist on Sept 23, 2017.
             Was a Priest of Sif Muna.
             Killed by divine providence
             ... invoked by an orc priest
              (15 damage)
             ... on level 8 of the Dungeon.
             The game lasted 00:47:42 (10860 turns).

nikopol the Thaumaturge (DEFE)                     Turns: 10860, Time: 00:47:42

Health: -3/52      AC:  4    Str:  5    XL:     10   Next: 7%
Magic:  17/27      EV: 14    Int: 24    God:    Sif Muna [***...]
Gold:   282        SH:  0    Dex: 15    Spells: 17/31 levels left

rFire    . . .     SeeInvis .   D - +1 dagger (elec)
rCold    . . .     Gourm    .   (no shield)
rNeg     + . .     Faith    .   t - +0 robe {rN+}
rPois    .         Spirit   .   h - +0 helmet
rElec    .         Reflect  .   P - +0 cloak
rCorr    .         Harm     .   (no gloves)
MR       +....                  (no boots)
Stlth    +++.......             (no amulet)
HPRegen  0.17/turn              (no ring)
MPRegen  0.20/turn              (no ring)

@: no status effects
A: no striking features
a: Divine Energy, Channel Magic, Renounce Religion


You were on level 8 of the Dungeon.
You worshipped Sif Muna.
Sif Muna was most pleased with you.
You were not hungry.

You visited 2 branches of the dungeon, and saw 9 of its levels.
You also visited: Ossuary.

You collected 282 gold pieces.

Inventory:

Hand Weapons
 g - a +0 short sword
 D - a +1 dagger of electrocution (weapon)
 J - a +1 dagger of venom
Armour
 a - a +0 robe
 h - a +0 helmet (worn)
 t - a +0 robe of positive energy (worn)
 P - a +0 cloak (worn)
Magical Staves
 Q - an uncursed staff of poison
Jewellery
 e - an uncursed ring of protection from fire {unknown}
 r - an uncursed amulet of guardian spirit {unknown}
 y - a cursed ring of loudness {unknown}
 K - a cursed -3 ring of strength {unknown}
 N - an uncursed ring of protection from magic {unknown}
 R - a cursed amulet of inaccuracy {unknown}
Wands
 E - a wand of iceblast (4/15)
 H - a wand of enslavement (14/24)
 O - a wand of digging (20/24)
Scrolls
 i - 2 scrolls of fog
 j - 6 scrolls of remove curse
 u - 5 scrolls of identify
 A - 3 scrolls of recharging {unknown}
 G - a scroll of silence {unknown}
 L - a scroll of fear {unknown}
 M - 2 scrolls of teleportation {unknown}
Potions
 d - a potion of berserk rage {unknown}
 f - 4 potions of might {unknown}
 l - 2 potions of resistance {unknown}
 m - 2 potions of mutation {unknown}
 n - 4 potions of cancellation {unknown}
 o - 2 potions of heal wounds {unknown}
 p - a potion of agility {unknown}
 q - 3 potions of lignification {unknown}
 s - a potion of brilliance {unknown}
 v - 2 potions of haste
 x - 5 potions of degeneration
 z - 9 potions of curing {unknown}
 C - a potion of flight {unknown}
Books
 b - a book of Flames

   Spells                             Type                      Level
   a - Flame Tongue                   Conjuration/Fire             1
   b - Throw Flame                    Conjuration/Fire             2
   c - Conjure Flame                  Conjuration/Fire             3
   d - Inner Flame                    Hexes/Fire                   3
   e - Sticky Flame                   Conjuration/Fire             4
   f - Fireball                       Conjuration/Fire             5
 B - a book of Cantrips

   Spells                             Type                      Level
   a - Confusing Touch                Hexes                        1
   b - Animate Skeleton               Necromancy                   1
   c - Summon Small Mammal            Summoning                    1
   d - Apportation                    Translocation                1
 F - a book of Geomancy

   Spells                             Type                      Level
   a - Sandblast                      Earth                        1
   b - Passwall                       Transmutation/Earth          2
   c - Stone Arrow                    Conjuration/Earth            3
   d - Petrify                        Transmutation/Earth          4
   e - Lee's Rapid Deconstruction     Earth                        5
Comestibles
 c - 3 bread rations
 k - 2 meat rations
 w - 3 fruits


   Skills:
 + Level 1.2 Fighting
 + Level 0.6 Short Blades
 + Level 3.8 Dodging
 + Level 4.0 Stealth
 + Level 11.3 Spellcasting
 + Level 8.2 Conjurations
 + Level 9.6 Fire Magic


You had 17 spell levels left.
You knew the following spells:

 Your Spells              Type           Power        Failure   Level  Hunger
a - Flame Tongue          Conj/Fire      #####        1%          1    None
b - Throw Flame           Conj/Fire      ######       1%          2    None
c - Conjure Flame         Conj/Fire      ######..     1%          3    None
d - Fireball              Conj/Fire      ######....   3%          5    ####...
e - Stone Arrow           Conj/Erth      ####..       2%          3    None


Dungeon Overview and Level Annotations

Branches:
Dungeon (8/15)             Temple (1/1) D:4
   Lair: D:8-11

Altars:
Ashenzari
Cheibriados
Dithmenos
Elyvilon
Fedhas
Gozag
Hepliaklqana
Kikubaaqudgha
Makhleb
Nemelex Xobeh
Okawaru
Qazlal
Ru
Sif Muna
Trog
Uskayaw
Vehumet
Wu Jian
Xom
Yredelemnul
Zin
The Shining One

Annotations:
D:3 Rhok's ghost, amateur MiFi


Message History

An orc priest comes into view. It is wielding a club.
Casting: Flame Tongue
Confirm with . or Enter, or press ? or * to list all spells.
Aiming: Flame Tongue
Press: ? - help, Shift-Dir - straight line, f/p - orc priest
Aim: an orc priest, wielding a flail and wearing a chain mail (heavily wounded)
Okay, then.
The orc priest mumbles some strange prayers to Beogh against you.
Pain shoots through your body!
The orc priest calls down the wrath of Beogh upon you.
Pain shoots through your body!
The orc priest mumbles some strange prayers to Beogh against you.
Beogh smites you!
* * * LOW HITPOINT WARNING * * *
The orc priest begins to cast a cantrip, but forgets the words!
All of the chunks of flesh in your inventory have rotted away.
The orc priest looks encouraged for a moment.
The orc priest mumbles some strange prayers to Beogh against you.
Beogh smites you!
You die...

#######..#
.........#
.......o.#
.......o^#
........)##
..........#
..........#
..........#
.......@.##
.........##
..........#
..........#
.........##
..........#
########...#
#...####..##
#..........#


You could see 2 orc priests.

Vanquished Creatures
  Pikel (D:5)
  Joseph (D:6)
  A soldier ant (D:5)
  A water moccasin (D:6)
  A slave (D:5)
  2 ice beasts
  2 orc warriors
  5 ogres
  The ghost of 4thArraOfDagon the Firebug, an amateur OgFE (D:5)
  3 phantoms
  A centaur (D:6)
  An elf zombie (Ossuary)
  A bullfrog (D:6)
  4 scorpions
  3 centaur zombies (Ossuary)
  A crimson imp (D:7)
  3 hounds
  A jelly (D:6)
  2 bullfrog skeletons (D:4)
  A gnoll shaman (D:6)
  A human zombie (Ossuary)
  3 orc priests
  10 orc wizards
  Crazy Yiuf (D:7)
  A centaur skeleton (D:5)
  Jessica (D:5)
  9 worker ants
  2 iguanas
  A killer bee zombie (D:7)
  2 ogre zombies (Ossuary)
  2 hound skeletons
  7 mummies (Ossuary)
  A howler monkey zombie (D:6)
  7 adders
  8 gnolls
  An adder skeleton (D:4)
  An adder zombie (D:6)
  3 worms
  3 dart slugs
  5 leopard geckos
  29 orcs
  12 bats
  7 giant cockroaches
  A gnoll zombie (Ossuary)
  10 goblins
  9 hobgoblins
  15 jackals
  3 quokkas
  4 ball pythons
  3 frilled lizards
  3 goblin zombies (Ossuary)
  5 hobgoblin zombies (Ossuary)
  4 kobolds
  5 kobold zombies (Ossuary)
  A leopard gecko skeleton (D:4)
  An orc zombie (Ossuary)
  5 quokka zombies
  5 rats
  4 rat zombies (Ossuary)
  2 butterflies (D:5)
  A fungus (D:7)
234 creatures vanquished.

Notes
Turn   | Place    | Note
-------+----------+-------------------------------------------
     0 | D:1      | nikopol the Deep Elf Fire Elementalist began the quest for the Orb.
     0 | D:1      | Reached XP level 1. HP: 10/10 MP: 6/6
   214 | D:1      | Reached XP level 2. HP: 15/15 MP: 6/8
   964 | D:2      | Reached XP level 3. HP: 19/19 MP: 7/10
   971 | D:2      | Learned a level 2 spell: Throw Flame
   975 | D:2      | Learned a level 3 spell: Conjure Flame
  1507 | D:2      | Reached XP level 4. HP: 24/24 MP: 8/11
  1810 | D:3      | Reached skill level 4 in Spellcasting
  2034 | D:3      | Reached XP level 5. HP: 28/28 MP: 4/13
  2185 | D:3      | Noticed Rhok's ghost (amateur MiFi)
  3268 | D:3      | Learned a level 5 spell: Fireball
  3733 | D:4      | Reached skill level 5 in Spellcasting
  3734 | D:4      | Found a staircase to the Ecumenical Temple.
  3750 | D:4      | Noticed a phantom
  3752 | Temple   | Entered the Ecumenical Temple
  4018 | D:4      | Killed a phantom
  4018 | D:4      | Reached skill level 5 in Fire Magic
  4018 | D:4      | Reached XP level 6. HP: 32/32 MP: 8/16
  4049 | D:4      | Found a shadowy altar of Dithmenos.
  4650 | D:4      | Reached skill level 6 in Spellcasting
  4650 | D:4      | Reached XP level 7. HP: 36/36 MP: 9/18
  4841 | D:4      | Found a white marble altar of Elyvilon.
  4842 | D:4      | Found a sacrificial altar of Ru.
  5044 | D:5      | Entered Level 5 of the Dungeon
  5365 | D:5      | Noticed 4thArraOfDagon's ghost (amateur OgFE)
  5393 | D:5      | Reached skill level 5 in Conjurations
  5461 | D:5      | Found a sand-covered staircase.
  5505 | Ossuary  | Entered an ossuary
  5737 | Ossuary  | Reached skill level 7 in Spellcasting
  6050 | Ossuary  | Reached XP level 8. HP: 23/41 MP: 8/21
  6835 | D:5      | Killed 4thArraOfDagon's ghost
  6953 | D:5      | Found a blossoming altar of Fedhas.
  6953 | D:5      | Found an iron altar of Okawaru.
  6963 | D:5      | Found an ancient bone altar of Kikubaaqudgha.
  6966 | D:5      | Found a deep blue altar of Sif Muna.
  6966 | D:5      | Found a radiant altar of Vehumet.
  6974 | D:5      | Became a worshipper of Sif Muna the Loreminder
  7044 | D:5      | Reached skill level 8 in Spellcasting
  7118 | D:5      | Found a runed door.
  7304 | D:5      | Found a runed door.
  7326 | D:5      | Noticed Pikel
  7332 | D:5      | Killed Pikel
  7332 | D:5      | Reached * piety under Sif Muna
  7332 | D:5      | Reached skill level 9 in Spellcasting
  7471 | D:5      | Noticed Jessica
  7475 | D:5      | Killed Jessica
  7475 | D:5      | Reached XP level 9. HP: 46/46 MP: 19/24
  7492 | D:5      | Found a deep blue altar of Sif Muna.
  7856 | D:6      | Reached skill level 1 in Fighting
  8103 | D:6      | Learned a level 3 spell: Stone Arrow
  8385 | D:5      | Reached skill level 10 in Spellcasting
  8518 | D:5      | Reached ** piety under Sif Muna
  9196 | D:7      | Noticed Joseph
  9231 | D:6      | Killed Joseph
  9671 | D:7      | Reached skill level 11 in Spellcasting
  9709 | D:7      | Found a runed door.
  9972 | D:7      | Reached XP level 10. HP: 52/52 MP: 16/27
 10152 | D:7      | Found a burning altar of Makhleb.
 10154 | D:7      | Found a shimmering altar of Xom.
 10214 | D:7      | Reached *** piety under Sif Muna
 10621 | D:7      | Noticed Crazy Yiuf
 10626 | D:7      | Killed Crazy Yiuf
 10732 | D:6      | Noticed a rust devil
 10732 | D:6      | Noticed a rust devil
 10860 | D:8      | Killed from afar by an orc priest

Vault maps used:
D:1:      roderic_dead_forest, serial_glass, glass_columns_b, glass_columns_b,
          hex_large
D:2:      minmay_wonky_spiral
D:3:      first_bread
D:4:      gammafunk_temple_overflow_pools, minmay_temple_entry_trees,
          nicolae_dithmenos_shadow_blocks
D:5:      lemuel_insect_pit, grunt_temple_overflow_open,
          nicolae_ossuary_entry_false_entrances, tgw_sif, uniq_pikel
D:6:      cheibrodos_iron_armory, kennysheep_generic_room_15
D:7:      grunt_temple_overflow_champion_of_chaos, uniq_crazy_yiuf_cottage,
          uniq_joseph
D:8:      uniq_erica
Temple:   oiseaux_autumnal_temple
Ossuary:  ossuary_boxes_badplayer

Skill      XL: |  1  2  3  4  5  6  7  8  9 10 |
---------------+-------------------------------+-----
Fire Magic     | 4 5 6 7 9 |  9.6
Conjurations   | 2 3 4 5 6 8 |  8.2
Spellcasting   | 4 5 6 7 9 11 | 11.3
Stealth        | 3 4 |  4.0
Dodging        | 3 |  3.8
Fighting       | 1 |  1.2
Short Blades   | |  0.6

Action                   |  1- 3 |  4- 6 |  7- 9 | 10-12 || total
-------------------------+-------+-------+-------+-------++-------
Melee: Short sword       |     8 |     1 |       |       ||     9
       Dagger            |       |       |     5 |    13 ||    18
 Cast: Flame Tongue      |    77 |   114 |   330 |    31 ||   552
       Conjure Flame     |     1 |     6 |    16 |     1 ||    24
       Throw Flame       |       |    25 |    46 |     3 ||    74
       Fireball          |       |       |     8 |     2 ||    10
       Stone Arrow       |       |       |       |     3 ||     3
  Use: Scroll            |       |       |     4 |       ||     4
  Eat: Chunk             |     2 |     9 |    11 |     3 ||    25
       Fruit             |       |     1 |     2 |       ||     3
       Royal jelly       |       |       |     2 |       ||     2
Armor: Robe              |     6 |     3 |     8 |       ||    17
Dodge: Dodged            |    26 |    20 |    58 |     1 ||   105

Table legend:
 A = Spawn XP
 B = Non-spawn XP
 C = Spawn XP percentage of total XP
 D = Spawn monster count
 E = Non-spawn monster count
 F = Spawn count percentage of total count
 G = Total turns spent on level
                    A         B        C        D         E        F      G
               +---------+---------+-------+---------+---------+-------+---------
         Total |       0 |    5911 |   0.0 |       0 |     230 |   0.0 | 10860
               +---------+---------+-------+---------+---------+-------+---------
           D:1 |       0 |      26 |   0.0 |       0 |      15 |   0.0 |   673
           D:2 |       0 |      87 |   0.0 |       0 |      28 |   0.0 |  1635
           D:3 |       0 |     200 |   0.0 |       0 |      38 |   0.0 |  1542
           D:4 |       0 |     548 |   0.0 |       0 |      21 |   0.0 |  1205
           D:5 |       0 |    1867 |   0.0 |       0 |      26 |   0.0 |  1757
           D:6 |       0 |    1645 |   0.0 |       0 |      35 |   0.0 |  1280
           D:7 |       0 |    1052 |   0.0 |       0 |      27 |   0.0 |  1338
           D:8 |       0 |       8 |   0.0 |       0 |       3 |   0.0 |    72
       Ossuary |       0 |     478 |   0.0 |       0 |      37 |   0.0 |  1101
               +---------+---------+-------+---------+---------+-------+---------
